 Dungeon Crawl Stone Soup version 0.23-a0-183-gf37f6fb (webtiles) character file.

70 galech the Skirmisher (level 4, 33/35 HPs)
             Began as a Demonspawn Fighter on Sept 21, 2018.
             Quit the game on level 3 of the Dungeon.
             The game lasted 00:01:53 (2059 turns).

galech the Skirmisher (Demonspawn Fighter)          Turns: 2059, Time: 00:01:54

Health: 33/35      AC:  8    Str: 16    XL:     4   Next: 3%
Magic:  4/4        EV:  9    Int: 10    God:
Gold:   124        SH:  4    Dex: 13    Spells: 3/3 levels left

rFire    . . .     SeeInvis .   a - +0 war axe
rCold    . . .     Gourm    .   s - +0 buckler (curse)
rNeg     . . .     Faith    .   b - +0 scale mail
rPois    .         Spirit   .   (no helmet)
rElec    .         Reflect  .   e - +0 cloak
rCorr    .         Harm     .   (no gloves)
MR       .....                  (no boots)
Stlth    ..........             (no amulet)
HPRegen  0.11/turn              (no ring)
MPRegen  0.09/turn              (no ring)

@: no status effects
A: talons 1, spiny 1
a: no special abilities


You were on level 3 of the Dungeon.
You were not hungry.

You visited 1 branch of the dungeon, and saw 3 of its levels.

You collected 124 gold pieces.

Inventory:

Hand Weapons
 a - a +0 war axe (weapon)
Armour
 b - a +0 scale mail (worn)
 c - a +0 shield
 e - a +0 cloak (worn)
 s - a cursed +0 buckler (worn)
Scrolls
 h - 2 scrolls of enchant weapon {unknown}
 i - a scroll of fear {unknown}
 j - a scroll of identify {unknown}
 n - 2 scrolls of magic mapping {unknown}
 o - a scroll of amnesia {unknown}
 p - a scroll of teleportation {unknown}
 r - a scroll of enchant armour {unknown}
 t - 2 scrolls of remove curse {unknown}
 u - a scroll of immolation {unknown}
Potions
 d - a potion of might
 g - 2 potions of lignification {unknown}
 l - 2 potions of mutation {unknown}
 m - 2 potions of magic {unknown}
 q - a potion of haste {unknown}
Comestibles
 f - 5 rations
 k - 2 chunks of flesh


   Skills:
 + Level 3.3 Fighting
 + Level 2.6 Axes
 + Level 3.3 Armour
 + Level 0.2 Dodging
 + Level 3.1 Shields


You had 3 spell levels left.
You didn't know any spells.
Your spell library was empty.

Dungeon Overview and Level Annotations

Branches:
Dungeon (3/15)

Altars:


Innate Abilities, Weirdness & Mutations

You have sharp toenails.
You are partially covered in sharp spines.


Message History

You hit the rat but do no damage. The rat barely misses you.
The hobgoblin hits you.
A worm comes into view.
You closely miss the hobgoblin. You claw the hobgoblin.
You kill the hobgoblin!
You closely miss the rat. The rat bites you but does no damage.
You barely miss the rat. You hit the hobgoblin.
You kill the hobgoblin!
The rat bites you but does no damage. The rat misses you.
You hit the rat.
You kill the rat!
You slash the worm! Your kick misses the worm.
The worm is severely wounded.
The worm closely misses you.
You slash the worm!
You kill the worm!
You have reached level 4!
You feel clever.
Your demonic ancestry asserts itself...
Sharp spines emerge from parts of your body.
Are you sure you want to abandon this character and quit the game? (Confirm

##...#.# #..#
#######.##.# #####..#
........##.###......#
######.........###.##
##.##.##### #.#
#.##.# #.# #.##.. ..#
#.#### ### #@# #†).#
....# ##..... ...####
.... ...# ##.##


There were no monsters in sight!

Vanquished Creatures
  An adder (D:2)
  2 worms
  A dart slug (D:1)
  3 giant cockroaches
  8 hobgoblins
  4 jackals (D:2)
  6 kobolds (D:1)
  2 ball pythons
  8 bats
  2 frilled lizards (D:2)
  6 goblins
  9 rats
52 creatures vanquished.

Notes
Turn   | Place    | Note
-------+----------+-------------------------------------------
     0 | D:1      | galech the Demonspawn Fighter began the quest for the Orb.
     0 | D:1      | Reached XP level 1. HP: 18/18 MP: 1/1
    67 | D:1      | Gained mutation: You have sharp toenails. [demonic
                  | ancestry]
    67 | D:1      | Reached XP level 2. HP: 20/24 MP: 2/2
   904 | D:2      | Reached XP level 3. HP: 29/29 MP: 3/3
  2058 | D:3      | Gained mutation: You are partially covered in sharp spines.
                  | [demonic ancestry]
  2058 | D:3      | Reached XP level 4. HP: 32/35 MP: 4/4
  2059 | D:3      | Quit the game

Vault maps used:
D:1:      dpeg_arrival_line_fractal
D:2:      first_ration

Skill      XL: |  1  2 |
---------------+-------+-----
Axes           | 2 |  2.6
Armour         | 3 |  3.3
Shields        | 3 |  3.1
Fighting       | |  3.3
Dodging        | |  0.2

Action                   |  1- 3 |  4- 6 || total
-------------------------+-------+-------++-------
Melee: War axe           |   110 |       ||   110
       Kick              |    14 |       ||    14
  Eat: Chunk             |     4 |       ||     4
Armor: Scale mail        |    68 |       ||    68
Dodge: Dodged            |    35 |       ||    35
Block: Shield            |    29 |       ||    29
       Buckler           |    14 |       ||    14

Table legend:
 A = Non-vault XP
 B = Vault XP
 C = Vault XP percentage of total XP
 D = Non-vault monster count
 E = Vault monster count
 F = Vault count percentage of total count
                 A         B        C        D         E       F
            +---------+---------+-------+---------+---------+-------
      Total |     100 |       0 |   0.0 |      52 |       0 |   0.0
            +---------+---------+-------+---------+---------+-------
        D:1 |      36 |       0 |   0.0 |      22 |       0 |   0.0
        D:2 |      43 |       0 |   0.0 |      18 |       0 |   0.0
        D:3 |      21 |       0 |   0.0 |      12 |       0 |   0.0
            +---------+---------+-------+---------+---------+-------
